 Dungeon Crawl Stone Soup version 0.25-a0-1137-g7f6bfe439b (webtiles) character file.

Game seed: 18165513837774929899, levelgen mode: deterministic

243 vurker the Insei (level 6, 0/39 HPs)
             Began as an Octopode Transmuter on May 23, 2020.
             Slain by an orc (3 damage)
             ... on level 4 of the Dungeon.
             The game lasted 00:11:24 (4728 turns).

vurker the Insei (Octopode Transmuter)              Turns: 4728, Time: 00:11:25

Health: 0/39       AC:  1    Str:  9    XL:     6   Next: 9%
Magic:  10/10      EV: 13    Int: 15    God:
Gold:   185        SH:  0    Dex: 15    Spells: 4/10 levels left

rFire    . . .     SeeInvis .     - Unarmed
rCold    . . .     Gourm    .   (no shield)
rNeg     . . .     Faith    .   (helmet restricted)
rPois    .         Spirit   .   (no amulet)
rElec    .         Reflect  .   (no ring)
rCorr    .         Harm     .   (no ring)
MR       .....                  (no ring)
Stlth    +++.......             (no ring)
HPRegen  0.13/turn              (no ring)
MPRegen  0.12/turn              (no ring)
                                (no ring)
                                (no ring)

@: lightly drained
A: almost no armour, stealthy swim, amphibious, 8 rings, constrict 8, camouflage
1, gelatinous body 1
a: no special abilities


You were on level 4 of the Dungeon.
You were not hungry.

You visited 1 branch of the dungeon, and saw 4 of its levels.

You collected 185 gold pieces.

Inventory:

Missiles
 a - 45 arrows
 c - 8 boomerangs (quivered)
Jewellery
 o - an uncursed ring of fire
   (You found it on level 2 of the Dungeon)
Scrolls
 f - a scroll of remove curse {unknown}
 l - a scroll of magic mapping
 m - 2 scrolls of noise
Potions
 d - 3 potions of berserk rage {unknown}
 h - 2 potions of haste {unknown}
 i - 4 potions of flight
 j - 3 potions of curing
 n - a potion of magic {unknown}
 p - a potion of degeneration {unknown}
 q - a potion of might {unknown}
 s - 2 potions of lignification {unknown}
 t - a potion of brilliance {unknown}
Comestibles
 e - 7 rations


   Skills:
 + Level 2.1(1.7) Fighting
 - Level 2.0(1.5) Dodging
 + Level 2.6(2.1) Stealth
 * Level 4.2(3.8) Unarmed Combat
 + Level 2.8(2.3) Spellcasting
 * Level 3.8(3.3) Transmutations


You had 4 spell levels left.
You knew the following spells:

 Your Spells              Type           Power        Failure   Level  Hunger
a - Beastly Appendage     Tmut           ##....       5%          1    #......
b - Spider Form           Tmut/Pois      #.........   32%         3    ###....
q - Sticks to Snakes      Tmut           ##......     9%          2    ###....

Your spell library contained the following spells:

 Spells                   Type           Power        Failure   Level  Hunger
 Ice Form                 Ice/Tmut       #.......     71%         4    #####..
 Blade Hands              Tmut           ##........   83%         5    ######.


Dungeon Overview and Level Annotations

Branches:
Dungeon (4/15)             Temple (0/1) D:4

Altars:
Nemelex Xobeh
The Shining One


Innate Abilities, Weirdness & Mutations

You cannot wear most types of armour.
You are very stealthy in the water. (Stealth+)
You are amphibious.
You can wear up to eight rings at the same time.
You can use your tentacles to constrict eight enemies at once.
Your skin changes colour to match your surroundings (Stealth+).
Your rubbery body absorbs attacks. (AC +1, EV +1)


Message History

The orc wizard barely misses you.
The orc wizard hits you with a +0 dagger.
You tentacle-slap the orc wizard. Your squeeze misses the orc wizard.
The orc barely misses you.
The orc wizard mumbles some strange words.
The orc wizard flickers and vanishes!
Deactivating autopickup; reactivate with Ctrl-A.
The orc wizard closely misses you.
You bump into the rock wall.
The orc hits you with a +0 dagger. The orc wizard closely misses you.
You tentacle-slap the orc but do no damage.
You hear some strange, mumbled words.
You are more confused.
The orc closely misses you. The orc wizard barely misses you.
You miss the orc. Your squeeze misses the orc.
Something hits you but does no damage. The orc hits you with a +0 dagger.
You tentacle-slap the orc but do no damage.
The orc wizard hits you with a +0 dagger.
* * * LOW HITPOINT WARNING * * *
The orc hits you with a +0 dagger.
* * * LOW HITPOINT WARNING * * *
Something hits you.
* * * LOW HITPOINT WARNING * * *
It was a potion of curing.
You feel better.
The orc wizard gestures at you while chanting.
The magic dart hits you.
* * * LOW HITPOINT WARNING * * *
The orc misses you.
You hear some strange, mumbled words.
A puff of flame appears from out of thin air!
The puff of flame hits you!
* * * LOW HITPOINT WARNING * * *
You closely miss the orc. Your grab misses the orc.
Your squeeze misses the orc.
The orc wizard hits you with a +0 dagger.
* * * LOW HITPOINT WARNING * * *
Something barely misses you. The orc hits you but does no damage.
You tentacle-slap the orc. You grab the orc.
You constrict the orc, but do no damage.
The orc wizard barely misses you. Something hits you but does no damage.
The orc hits you with a +0 dagger.
* * * LOW HITPOINT WARNING * * *
You tentacle-slap the orc but do no damage.
You constrict the orc, but do no damage.
The orc wizard closely misses you. Something hits you but does no damage.
The orc barely misses you. The orc hits you.
You die...

*,*
##[#...#*#.....รท#
#.#* **,*
#..###..>..####.#
#.., *,,* #.##
*####*###..# ####
*,** #.#
###...######## *,*
#.# #(..###.^.....
*,* #.#
######....<..#*****
*,*
###.###..>....######
* *,*
**#....<.o{o...##
*,**#........o@#####
*,....##########
**###**


You could see an orc wizard and 2 orcs.

Vanquished Creatures
  Natasha (thrice) (D:2)
  Robin (D:3)
  7 adders
  An ooze (D:1)
  An adder skeleton (D:4)
  4 worms
  3 dart slugs (D:1)
  A leopard gecko (D:3)
  5 orcs
  2 ball pythons
  9 bats
  2 giant cockroaches
  12 goblins
  7 hobgoblins
  2 quokkas (D:3)
  6 frilled lizards
  6 kobolds
  4 rats
76 creatures vanquished.

Notes
Turn   | Place    | Note
-------+----------+-------------------------------------------
     0 | D:1      | vurker the Octopode Transmuter began the quest for the Orb.
     0 | D:1      | Reached XP level 1. HP: 13/13 MP: 3/3
   258 | D:1      | Reached XP level 2. HP: 18/18 MP: 5/5
   517 | D:1      | Found a glowing golden altar of the Shining One.
   636 | D:1      | Reached skill level 1 in Stealth
   642 | D:1      | Reached XP level 3. HP: 23/23 MP: 6/6
  2250 | D:2      | Noticed Natasha
  2254 | D:2      | Killed Natasha
  2254 | D:2      | Reached XP level 4. HP: 25/28 MP: 7/7
  2593 | D:2      | Noticed Natasha
  2599 | D:2      | Killed Natasha
  2669 | D:2      | Noticed Natasha
  2678 | D:2      | Killed Natasha
  2678 | D:2      | Reached XP level 5. HP: 21/34 MP: 8/8
  3214 | D:3      | Noticed Robin
  3307 | D:3      | Killed Robin
  3307 | D:3      | Reached skill level 4 in Unarmed Combat
  3602 | D:2      | Learned a level 2 spell: Sticks to Snakes
  3606 | D:2      | Learned a level 3 spell: Spider Form
  3970 | D:3      | Found a sparkling altar of Nemelex Xobeh.
  4066 | D:3      | Reached XP level 6. HP: 34/39 MP: 10/10
  4424 | D:4      | Found a staircase to the Ecumenical Temple.
  4728 | D:4      | Slain by an orc

Illustrated notes

Levels and vault maps discovered:
D:1:      dpeg_arrival_arbitrary_a, layout_basic, tso_altar
D:2:      layout_rooms, first_ration, minmay_misc_feat_columns,
          chequers_arboretum, uniq_natasha
D:3:      layout_rooms, nemelex_diamond_rough_becter, uniq_robin
D:4:      layout_rooms, temple_doors_cd

Skill      XL: |  1  2  3  4  5 |
---------------+----------------+-----
Stealth        | 1 2 |  2.6
Transmutations | 3 |  3.8
Unarmed Combat | 4 |  4.2
Fighting       | 2 |  2.1
Dodging        | |  2.0
Spellcasting   | |  2.8

Action                   |  1- 3 |  4- 6 || total
-------------------------+-------+-------++-------
Melee: Unarmed           |    84 |   124 ||   208
       Constrict         |    21 |    29 ||    50
       Tentacles         |     8 |    18 ||    26
       Kick              |     1 |       ||     1
       Punch             |     1 |     3 ||     4
Throw: Boomerang         |    25 |     8 ||    33
 Cast: Beastly Appendage |     1 |       ||     1
  Use: Scroll            |       |     6 ||     6
       Potion            |       |     1 ||     1
 Stab: Sleeping          |     9 |     6 ||    15
  Eat: Chunk             |     3 |     9 ||    12
Armor: Skin              |     5 |     6 ||    11
Dodge: Dodged            |    43 |    85 ||   128

Table legend:
 A = Non-vault XP
 B = Vault XP
 C = Vault XP percentage of total XP
 D = Non-vault monster count
 E = Vault monster count
 F = Vault count percentage of total count
                 A         B        C        D         E       F
            +---------+---------+-------+---------+---------+-------
      Total |     286 |      62 |  17.8 |      67 |       9 |  11.8
            +---------+---------+-------+---------+---------+-------
        D:1 |      54 |       0 |   0.0 |      25 |       0 |   0.0
        D:2 |     130 |      35 |  21.2 |      19 |       1 |   5.0
        D:3 |      80 |      27 |  25.2 |      19 |       8 |  29.6
        D:4 |      22 |       0 |   0.0 |       4 |       0 |   0.0
            +---------+---------+-------+---------+---------+-------
